 Dungeon Crawl Stone Soup version 0.29.1-2-gbd0b4ee654 (webtiles) character file.

Game seed: 15672495156090755546

779 concernfroge the Fighter (level 7, -5/64 HPs)
             Began as a Mummy Monk on Nov 26, 2022.
             Was a Believer of Okawaru.
             Splashed by a jelly's acid (7 damage)
             ... on level 5 of the Dungeon.
             The game lasted 00:09:15 (4579 turns).

concernfroge the Fighter (Mummy Monk)               Turns: 4579, Time: 00:09:17

Health: -5/64      AC:  8    Str: 14    XL:     7   Next: 54%
Magic:  5/7        EV: 14    Int: 10    God:    Okawaru [**....]
Gold:   131        SH:  0    Dex: 16    Spells: 6/6 levels left

rFire   x . .      SeeInvis .   f - +3 longbow
rCold   + . .      Faith    .   (shield currently unavailable)
rNeg    + + +      Spirit   .   d - +0 ring mail
rPois   ∞          Reflect  .   (no helmet)
rElec   .          Harm     .   (no cloak)
rCorr   .          Rampage  .   b - +1 pair of gloves
Will    .....                   (no boots)
Stlth   +++.......              (no amulet)
HPRegen 0.20/turn               (no ring)
MPRegen 0.10/turn               (no ring)

@: about to teleport, heroic
A: cold resistance 1, negative energy resistance 3, torment resistance 2, heat
vulnerability 1, in touch with death 1, no potions
a: Renounce Religion, Heroism


You were on level 5 of the Dungeon.
You worshipped Okawaru.
Okawaru was pleased with you.
You visited 2 branches of the dungeon, and saw 6 of its levels.

You collected 131 gold pieces.

Inventory:

Hand Weapons
 f - a +3 longbow (weapon)
Missiles
 c - 8 silver javelins
Armour
 b - a +1 pair of gloves (worn)
 d - a +0 ring mail (worn)
Wands
 j - a wand of iceblast (25)
 m - a wand of light (5)
Scrolls
 i - 3 scrolls of teleportation
 k - a scroll of vulnerability
 n - 2 scrolls of immolation


   Skills:
 + Level 9.0(14.0) Fighting
 - Level 2.4(7.4) Polearms
 + Level 2.4(7.4) Dodging
 - Level 1.5(6.5) Stealth
 + Level 0.0 Invocations
 + Level 0.0 Evocations


You had 6 spell levels left.
You didn't know any spells.
Your spell library was empty.

Dungeon Overview and Level Annotations

Branches:
Dungeon (5/15)             Temple (1/1) D:5

Altars:
Ashenzari
Cheibriados
Dithmenos
Fedhas
Kikubaaqudgha
Makhleb
Nemelex Xobeh
Okawaru
Qazlal
Ru
Trog
Vehumet
Wu Jian
Xom
Yredelemnul

Annotations:
D:4 Dowan
D:5 Eustachio


Innate Abilities, Weirdness & Mutations

You are immune to poison.
Your flesh is cold resistant. (rC+)
You are immune to negative energy. (rN+++)
You are immune to unholy pain and torment.
You are vulnerable to heat. (rF-)
You are in touch with the powers of death.
You do not drink.


Message History

You shoot an arrow. The arrow hits Eustachio!
Eustachio is heavily wounded.
Eustachio barely misses you. The jelly barely misses you.
Eustachio casts a spell.
The jelly hits you but does no damage.
You shoot an arrow. The arrow hits Eustachio.
Eustachio is heavily wounded.
Eustachio hits you with a +2 falchion of holy wrath.
You convulse.
The jelly barely misses you.
You shoot an arrow. The arrow closely misses Eustachio.
The arrow hits the river rat.
The river rat is moderately wounded.
Eustachio hits you with a +2 falchion of holy wrath!
You convulse!
The jelly barely misses you.
Eustachio hits you with a +2 falchion of holy wrath!
You convulse.
The jelly hits you but does no damage.
As you read the scroll of teleportation, it crumbles to dust.
You feel strangely unstable. Eustachio barely misses you.
The jelly hits you but does no damage.
You gain the combat prowess of a mighty hero.
Eustachio hits you with a +2 falchion of holy wrath.
You convulse!
* * * LOW HITPOINT WARNING * * *
The jelly closely misses you. Eustachio attacks as you move away!
Eustachio hits you with a +2 falchion of holy wrath.
* * * LOW HITPOINT WARNING * * *
You convulse!
* * * LOW HITPOINT WARNING * * *
Eustachio gestures wildly while chanting.
Eustachio blinks!
The jelly hits you but does no damage.
Okay, then.
Aiming: Bolt of Light
Press: ? - help, Shift-Dir - straight line, p - Eustachio The bolt of light hits the jelly!
The jelly is almost dead.
The jelly hits you.
* * * LOW HITPOINT WARNING * * *
You are splashed with acid!
You die...

..#.#....# #.#.#.#.##
#.#.#.#.# #.#.....####
#..........#
##.###.#....###.# .
....[......####.# ...
##.###..###....J###.....
............@..@.r5.....
.###.##.#.##.#######..(..
.............## ###
###..8.........#
#..>....####.#
######8....# ......')...#
#######....# #....#


You could see Eustachio, a jelly, a quasit (summoned) and a river rat
(summoned).

Vanquished Creatures
  Menkaure (D:3)
  Edmund (D:4)
  Duvessa (D:4)
  A black bear (D:4)
  An ogre (D:5)
  A phantom (D:4)
  Ijyb (D:5)
  3 gnolls (D:4)
  5 adders
  A shadow imp (D:5)
  A worm (D:5)
  3 dart slugs
  2 orcs (D:3)
  2 ball pythons
  11 endoplasms
  3 giant cockroaches
  8 goblins
  3 hobgoblins
  2 jackals (D:2)
  2 quokkas
  8 bats
  4 frilled lizards
  7 kobolds
  8 rats
80 creatures vanquished.

Notes
Turn   | Place    | Note
-------+----------+-------------------------------------------
     0 | D:1      | concernfroge the Mummy Monk began the quest for the Orb.
     0 | D:1      | Reached XP level 1. HP: 18/18 MP: 1/1
   341 | D:1      | Reached XP level 2. HP: 19/24 MP: 2/2
   788 | D:1      | Reached skill level 4 in Fighting
  1172 | D:1      | Gained mutation: You are in touch with the powers of death.
                  | [Mummy growth]
  1172 | D:1      | Reached XP level 3. HP: 30/30 MP: 3/3
  1903 | D:2      | Found a faded altar of an unknown god.
  2164 | D:2      | Reached XP level 4. HP: 31/38 MP: 4/4
  2280 | D:2      | Reached skill level 5 in Fighting
  2968 | D:4      | Noticed a black bear
  2972 | D:4      | Killed a black bear
  2972 | D:4      | Noticed Edmund
  2973 | D:4      | Reached skill level 6 in Fighting
  2973 | D:4      | Reached XP level 5. HP: 28/46 MP: 5/5
  3119 | D:4      | Noticed a phantom
  3127 | D:4      | Killed a phantom
  3128 | D:4      | Reached XP level 6. HP: 52/53 MP: 6/6
  3130 | D:4      | Noticed Menkaure
  3143 | D:3      | Killed Menkaure
  3144 | D:3      | Reached skill level 7 in Fighting
  3273 | D:4      | Killed Edmund
  3274 | D:4      | Reached skill level 8 in Fighting
  3274 | D:4      | Reached XP level 7. HP: 37/62 MP: 7/7
  3451 | D:4      | Noticed Duvessa
  3473 | D:4      | Killed Duvessa
  3775 | D:4      | Noticed Dowan
  4059 | D:5      | Entered Level 5 of the Dungeon
  4072 | D:5      | Noticed Ijyb
  4078 | D:5      | Killed Ijyb
  4149 | D:5      | Found a staircase to the Ecumenical Temple.
  4158 | D:5      | Reached skill level 9 in Fighting
  4162 | Temple   | Entered the Ecumenical Temple
  4501 | Temple   | Became a worshipper of Warmaster Okawaru
  4501 | Temple   | Reached * piety under Okawaru
  4501 | Temple   | Reached ** piety under Okawaru
  4564 | D:5      | Noticed Eustachio
  4578 | D:5      | HP: 2/64 [Eustachio/+2 falchion of holy wrath (9)]
  4579 | D:5      | Splashed by a jelly's acid

Illustrated notes

Levels and vault maps discovered:
D:1:      sevenhm_arrival_forest_fort_small_5, layout_loops_corners
D:2:      layout_loops_ring, chequers_ecumenical_altar_island,
          minmay_misc_feat_tiny, minivault_24
D:3:      layout_loops_ring
D:4:      minmay_clustersquares, layout_rooms, kennysheep_mini,
          eat_drink_and_be_merry_uskayaw, nicolae_shop_vocational, uniq_edmund,
          uniq_duvessa, uniq_menkaure
D:5:      layout_basic, temple_statues, uniq_eustachio, uniq_ijyb,
          uniq_blork_the_orc
Temple:   nicolae_temple_bog_church

Skill      XL: |  1  2  3  4  5  6  7 |
---------------+----------------------+-----
Fighting       | 4 6 8 9 |  9.0
Polearms       | |  2.4
Dodging        | |  2.4
Stealth        | |  1.5

Action                   |  1- 3 |  4- 6 |  7- 9 || total
-------------------------+-------+-------+-------++-------
Melee: Spear             |    81 |       |       ||    81
 Fire: Longbow           |    85 |    84 |    79 ||   248
Invok: Heroism           |       |       |     1 ||     1
Evoke: Wand              |       |       |     1 ||     1
  Use: Scroll            |       |     8 |     8 ||    16
 Stab: Sleeping          |     1 |       |       ||     1
Armor: Ring mail         |    46 |    25 |    20 ||    91
Dodge: Dodged            |    70 |    52 |    48 ||   170
